 Dungeon Crawl Stone Soup version 0.27.1-3-gb3d3a73c9e (webtiles) character file.

Game seed: 15456229807384428473

141 Majorwet the Chopper (level 5, 0/47 HPs)
             Began as a Hill Orc Fighter on Oct 22, 2021.
             Slain by a killer bee (6 damage)
             ... on level 5 of the Dungeon.
             The game lasted 00:17:17 (3492 turns).

Majorwet the Chopper (Hill Orc Fighter)             Turns: 3492, Time: 00:17:18

Health: 0/47       AC:  8    Str: 20    XL:     5   Next: 24%
Magic:  5/5        EV:  7    Int:  8    God:
Gold:   158        SH:  9    Dex: 10    Spells: 4/4 levels left

rFire    . . .     SeeInvis .   a - +0 war axe
rCold    . . .     Faith    .   c - +0 kite shield
rNeg     . . .     Spirit   .   b - +0 scale mail
rPois    .         Reflect  .   k - +0 helmet
rElec    .         Harm     .   (no cloak)
rCorr    .         Rampage  .   (no gloves)
Will     .....                  (no boots)
Stlth    ..........             (no amulet)
HPRegen  0.15/turn              (no ring)
MPRegen  0.09/turn              (no ring)

@: lethally poisoned (0 -> -19)
A: no striking features
a: no special abilities


You were on level 5 of the Dungeon.
You visited 1 branch of the dungeon, and saw 5 of its levels.

You collected 158 gold pieces.

Inventory:

Hand Weapons
 a - a +0 war axe (weapon)
 m - a +0 short sword
 p - a +0 dagger
 q - a +0 whip
 r - a +0 short sword
Armour
 b - a +0 scale mail (worn)
 c - a +0 kite shield (worn)
 k - a +0 helmet (worn)
 t - a +0 robe
Jewellery
 f - a ring of flight
 s - an amulet of reflection
Wands
 v - a wand of flame (18)
Scrolls
 d - a scroll of fog
 e - a scroll of summoning {unknown}
 h - a scroll of immolation {unknown}
 i - a scroll of identify {unknown}
 j - a scroll of silence {unknown}
 l - a scroll of enchant armour {unknown}
 n - a scroll of noise {unknown}
 o - a scroll of brand weapon {unknown}
Potions
 g - a potion of flight
 u - a potion of curing


   Skills:
 * Level 4.8 Fighting
 * Level 5.3 Axes
 - Level 3.3 Armour
 - Level 0.1 Dodging
 + Level 3.9 Shields


You had 4 spell levels left.
You didn't know any spells.
Your spell library was empty.

Dungeon Overview and Level Annotations

Branches:
Dungeon (5/15)             Temple (0/1) D:5

Altars:
Hepliaklqana
Zin
Beogh


Message History

Unknown command.
Unknown command.
You closely miss the killer bee.
The killer bee is lightly wounded.
You closely miss the killer bee.
You feel very sick. The killer bee stings you.
You block the killer bee's attack. The killer bee stings you.
You are more poisoned.
The killer bee poisons you! You block the killer bee's attack.
The killer bee stings you!
You are more poisoned.
The killer bee poisons you! The killer bee stings you.
You are too injured to fight recklessly!
Unknown command.
You are too injured to fight recklessly!
Unknown command.
Unknown command.
You are too injured to fight recklessly!
Unknown command.
You are too injured to fight recklessly!
Unknown command.
You are too injured to fight recklessly!
Unknown command.
You are too injured to fight recklessly!
Unknown command.
You are too injured to fight recklessly!
Unknown command.
Unknown command.
You completely miss the killer bee.
The killer bee is lightly wounded.
You hit the killer bee.
* * * LOW HITPOINT WARNING * * *
You feel extremely sick. You block the killer bee's attack.
The killer bee stings you.
* * * LOW HITPOINT WARNING * * *
You block the killer bee's attack. The killer bee barely misses you.
The killer bee stings you but does no damage.
The killer bee stings you.
You die...

...# ...# #.# #.#
##.##.. #.# #.#
##.##.. #.# #.#
##.##.. ... ...
...##.# #.# #y#
#..##.# #.# #y#
#..##.####.#####y#
#..##..........y@#
...........#######
##.######### ##.#
##.# #.# #.# ###


You could see 4 killer bees.

Vanquished Creatures
  An ogre (D:2)
  An adder (D:2)
  An ufetubus (D:4)
  A worm (D:2)
  A dart slug (D:1)
  2 orcs
  6 ball pythons
  2 endoplasms
  5 goblins
  2 hobgoblins (D:1)
  3 quokkas
  3 frilled lizards
  7 kobolds
  A rat (D:1)
36 creatures vanquished.

Notes
Turn   | Place    | Note
-------+----------+-------------------------------------------
     0 | D:1      | Majorwet the Hill Orc Fighter began the quest for the Orb.
     0 | D:1      | Reached XP level 1. HP: 19/19 MP: 1/1
   554 | D:1      | Reached XP level 2. HP: 24/27 MP: 2/2
   912 | D:1      | Reached skill level 3 in Axes
  1150 | D:2      | Reached XP level 3. HP: 22/33 MP: 3/3
  1373 | D:2      | Found a hazy altar of Hepliaklqana.
  2145 | D:2      | Found a roughly hewn altar of Beogh.
  2145 | D:2      | Noticed an ogre
  2780 | D:2      | Killed an ogre
  2781 | D:2      | Reached skill level 5 in Axes
  2781 | D:2      | Reached XP level 4. HP: 16/41 MP: 4/4
  2781 | D:2      | Reached XP level 5. HP: 18/47 MP: 5/5
  3201 | D:3      | Found a glowing silver altar of Zin.
  3416 | D:5      | Entered Level 5 of the Dungeon
  3444 | D:5      | Found a staircase to the Ecumenical Temple.
  3492 | D:5      | Slain by a killer bee

Illustrated notes

Levels and vault maps discovered:
D:1:      shiori_arrival_whats_in_store_for_you, layout_basic,
          minmay_pentomino_q4
D:2:      layout_loops_ring, hellmonk_ecumenical_altar_defaced_shrine,
          basic_altar
D:3:      minmay_evil_eye, layout_basic, nicolae_overflow_crystal_walls,
          corner_web_ring
D:4:      layout_layer_cave, chequers_temple_overflow_statue_of_worship
D:5:      layout_basic, nicolae_yredelemnul_ghost_church,
          minmay_temple_entry_glassed_door

Skill      XL: |  1  2  3 |
---------------+----------+-----
Fighting       | 4 |  4.8
Axes           | 3 5 |  5.3
Armour         | |  3.3
Dodging        | |  0.1
Shields        | |  3.9

Action                   |  1- 3 |  4- 6 || total
-------------------------+-------+-------++-------
Melee: War axe           |   102 |    35 ||   137
  Use: Potion            |     6 |       ||     6
       Scroll            |     1 |       ||     1
Armor: Scale mail        |    38 |    14 ||    52
       Skin              |     1 |       ||     1
Dodge: Dodged            |    25 |    19 ||    44
Block: Kite shield       |    51 |    20 ||    71
